 Dungeon Crawl Stone Soup version 0.30.0-5-g1a98f26d00 (webtiles) character file.

Game seed: 13306972680647706056

606 Jackthecabe the Trooper (level 7, -1/78 HPs)
             Began as an Ogre Delver on May 10, 2023.
             Was a Believer of Vehumet.
             Slain by an orc priest
             ... wielding a +0 mace
              (4 damage)
             ... on level 5 of the Dungeon.
             The game lasted 00:11:10 (6161 turns).

Jackthecabe the Trooper (Ogre Delver)               Turns: 6161, Time: 00:11:10

Health: -1/78      AC:  3    Str: 19    XL:     7   Next: 42%
Magic:  13/13      EV:  9    Int: 11    God:    Vehumet [**....]
Gold:   200        SH:  0    Dex: 10    Spells: 14/14 levels left

rFire   . . .        a - +0 mace
rCold   . . .        (no shield)
rNeg    . . .        b - +0 robe
rPois   .            (helmet restricted)
rElec   .            (no cloak)
rCorr   .            (gloves unavailable)
SInv    .            (boots unavailable)
Will    .....        x - amulet of the acrobat
Stlth   ++           (no ring)
HPRegen 0.33/turn    (no ring)
MPRegen 0.13/turn

%: acrobat
@: no status effects
A: large, unfitting armour, tough skin 1
a: Renounce Religion


You were on level 5 of the Dungeon.
You worshipped Vehumet.
Vehumet was pleased with you.
You visited 2 branches of the dungeon, and saw 6 of its levels.

You collected 200 gold pieces.


Innate Abilities, Weirdness & Mutations

You are too large for most types of armour.
You have tough skin. (AC +1)


   Skills:
 + Level 7.4 Fighting
 - Level 4.0 Maces & Flails
 - Level 2.0 Throwing
 - Level 1.7 Dodging
 - Level 3.7 Stealth
 - Level 4.0 Spellcasting
 - Level 0.6 Evocations


You had 14 spell levels left.
You didn't know any spells.
Your spell library contained the following spells:

 Spells                   Type           Power      Damage    Failure   Level
 Poisonous Vapours        Pois/Air       4%         N/A       34%         2
 Gell's Gravitas          Tloc           2%         N/A       56%         3
 Teleport Other           Tloc           2%         N/A       56%         3
 Dispersal                Tloc           1%         N/A       100%        6

Inventory:

Hand Weapons
 a - a +0 mace (weapon)
Missiles
 w - 4 atropa-tipped darts (quivered)
 B - 4 poisoned darts
Armour
 b - a +0 robe (worn)
 l - an orb of guile
 A - a +0 cloak
Magical Staves
 r - a staff of cold {!a}
 u - a staff of death {!a}
 y - a staff of conjuration {!a}
Jewellery
 x - an amulet of the acrobat (around neck)
 F - a ring of fire
Wands
 g - a wand of digging (3)
Scrolls
 c - 2 scrolls of fog
 d - 2 scrolls of magic mapping
 e - a scroll of fear
 h - 2 scrolls of vulnerability {unknown}
 j - 6 scrolls of teleportation {unknown}
 k - a scroll of enchant weapon {unknown}
 m - a scroll of amnesia {unknown}
 o - 7 scrolls of identify {unknown}
 p - a scroll of immolation {unknown}
 q - 2 scrolls of blinking {unknown}
 s - 2 scrolls of enchant armour {unknown}
 t - a scroll of noise {unknown}
 D - a scroll of brand weapon {unknown}
Potions
 f - a potion of cancellation {unknown}
 i - a potion of heal wounds {unknown}
 n - 2 potions of mutation {unknown}
 v - a potion of curing {unknown}
 z - a potion of might {unknown}
 C - a potion of brilliance {unknown}

Dungeon Overview and Level Annotations

Branches:
Dungeon (5/15)             Temple (1/1) D:4

Altars:
Ashenzari
Fedhas
Gozag
Hepliaklqana
Kikubaaqudgha
Qazlal
Trog
Uskayaw
Vehumet
Wu Jian
Xom
Zin

Shops:
D:3 :

Annotations:
D:3 1 runed translucent door, Crazy Yiuf, Robin

░############
░.........[.#
░##########.##
##...## ##.....##
##.......##
░######.........#####
░........o@.).......#
░####.....o.....###.#
#..#.......## #.#
####..#......##
#......o#
............##
#######o#
####..#.##### #..#.#
#.)#.# ###..#.#######


You could see an orc priest and an orc.


Message History

The orc priest hits you with a +0 mace.
* * * LOW HITPOINT WARNING * * *
Unknown command.
You barely miss the orc.
The orc is heavily wounded.
The orc hits you with a +0 club.
* * * LOW HITPOINT WARNING * * *
The orc priest hits you with a +0 mace.
* * * LOW HITPOINT WARNING * * *
Unknown command.
You hit the orc but do no damage.
The orc is heavily wounded.
The orc priest is no longer blind.
The orc barely misses you. The orc priest hits you with a +0 mace.
* * * LOW HITPOINT WARNING * * *
The orc hits you with a +0 club.
* * * LOW HITPOINT WARNING * * *
The orc priest hits you with a +0 mace.
* * * LOW HITPOINT WARNING * * *
You barely miss the orc.
The orc is heavily wounded.
The orc barely misses you. The orc priest hits you with a +0 mace.
* * * LOW HITPOINT WARNING * * *
Unknown command.
You hit the orc but do no damage.
The orc is heavily wounded.
The orc hits you with a +0 club.
* * * LOW HITPOINT WARNING * * *
The orc priest hits you with a +0 mace.
You die...

Skill      XL: |  1  2  3  4  5  6  7 |
---------------+----------------------+-----
Maces & Flails | 3 4 |  4.0
Spellcasting   | 1 3 4 |  4.0
Fighting       | 7 |  7.4
Throwing       | 2 |  2.0
Dodging        | |  1.7
Stealth        | |  3.7
Evocations     | |  0.6

Action                     |  1- 3 |  4- 6 |  7- 9 || total
---------------------------+-------+-------+-------++-------
  Melee: Mace              |    53 |   268 |    72 ||   393
         Punch             |       |     4 |     3 ||     7
  Throw: Dart              |       |     7 |     7 ||    14
    Use: Potion            |       |     1 |       ||     1
   Stab: Sleeping          |     3 |     8 |     1 ||    12
 Armour: Robe              |    35 |    99 |    15 ||   149
  Dodge: Dodged            |    48 |   140 |    51 ||   239

Levels and vault maps discovered:
D:1:      co_arrival_random_square_maze, layout_basic, chequers_decorated_corner
D:2:      layout_loops_ring
D:3:      layout_loops_ring, serial_shops, nicolae_shop_rolling_square,
          uniq_crazy_yiuf_cottage, uniq_robin
D:4:      layout_rooms, nicolae_qazlal_eye_of_the_storm,
          minmay_temple_entry_poolview
D:5:      layout_loops_ring, nrook_pool_corridor, kennysheep_generic_room_4,
          uniq_eustachio
Temple:   grunt_temple_mini_profane

Notes
Turn   | Place    | Note
-------+----------+-------------------------------------------
     0 | D:5      | Jackthecabe the Ogre Delver began the quest for the Orb.
     0 | D:5      | Reached XP level 1. HP: 24/24 MP: 1/1
    41 | D:4      | Noticed a hound
    46 | D:4      | Killed a hound
    47 | D:4      | Reached skill level 3 in Maces & Flails
    47 | D:4      | Reached XP level 2. HP: 28/32 MP: 2/2
    47 | D:4      | Reached XP level 3. HP: 34/39 MP: 3/3
    71 | D:4      | Found a staircase to the Ecumenical Temple.
    80 | Temple   | Entered the Ecumenical Temple
   274 | Temple   | Became a worshipper of Vehumet
   379 | D:3      | Found Zuabauwk's Book Shop.
   559 | D:3      | Noticed Robin
   649 | D:3      | Reached skill level 1 in Spellcasting
   893 | D:2      | Reached XP level 4. HP: 27/48 MP: 4/6
  1368 | D:1      | Reached skill level 2 in Spellcasting
  2152 | D:2      | Reached * piety under Vehumet
  2152 | D:2      | Offered knowledge of Kiss of Death by Vehumet.
  3054 | D:2      | Reached skill level 3 in Spellcasting
  3054 | D:2      | Reached XP level 5. HP: 36/54 MP: 9/9
  3361 | D:3      | Reached skill level 4 in Maces & Flails
  3362 | D:3      | HP: 3/54 [orc/+0 hand axe (3)]
  3953 | D:3      | Found a runed translucent door.
  3954 | D:3      | Noticed Crazy Yiuf
  4251 | D:4      | Reached skill level 4 in Spellcasting
  4338 | D:4      | Reached XP level 6. HP: 63/63 MP: 12/12
  4372 | D:4      | Reached skill level 5 in Fighting
  4677 | D:4      | Reached skill level 6 in Fighting
  4798 | D:4      | Found a stormy altar of Qazlal.
  5031 | D:5      | Reached skill level 7 in Fighting
  5031 | D:5      | Reached XP level 7. HP: 33/78 MP: 13/13
  5220 | D:5      | Reached skill level 1 in Throwing
  5474 | D:5      | Reached ** piety under Vehumet
  5474 | D:5      | Offered knowledge of Poisonous Vapours by Vehumet.
  5481 | D:5      | Reached skill level 2 in Throwing
  6160 | D:5      | HP: 6/78 [orc priest/+0 mace (2)]
  6161 | D:5      | Slain by an orc priest

Vanquished Creatures
  A centaur (D:5)
  A jelly (D:5)
  2 orc priests
  4 hounds
  3 iguanas
  3 orc wizards
  3 gnolls (D:2)
  4 adders
  A shadow imp (D:4)
  An ufetubus (D:5)
  A worm (D:3)
  4 dart slugs
  9 orcs
  9 bats
  10 endoplasms
  A giant cockroach (D:3)
  8 goblins
  5 hobgoblins
  A ball python (D:2)
  2 frilled lizards
  7 kobolds
  6 rats
86 creatures vanquished.

Table legend: (Time is in decaauts)
 A = Elapsed time spent in this place.
 B = Non-inter-level travel time spent in this place.
 C = Inter-level travel time spent in this place.
 D = Time resting spent in this place.
 E = Time spent auto-exploring this place.
 F = Levels seen in this place.
 G = Mean time per level.
                   A        B        C        D        E       F      G
               +--------+--------+--------+--------+--------+-----+--------+
         Total |   6227 |   5847 |    380 |   1322 |   3210 |   6 | 1037.8 |
       Dungeon |   6009 |   5673 |    336 |   1322 |   3040 |   5 | 1201.8 |
        Temple |    218 |    174 |     44 |      0 |    170 |   1 |  218.0 |
               +--------+--------+--------+--------+--------+-----+--------+

Top non-repeatable levels by time:
     D:3: 1418 daAuts
     D:2: 1349 daAuts
     D:1: 1289 daAuts
     D:5: 1198 daAuts
     D:4: 752 daAuts
  Temple: 218 daAuts

Table legend:
 A = Non-vault XP
 B = Vault XP
 C = Vault XP percentage of total XP
 D = Non-vault monster count
 E = Vault monster count
 F = Vault count percentage of total count
                 A         B        C        D         E       F
            +---------+---------+-------+---------+---------+-------
      Total |     858 |       8 |   0.9 |      82 |       4 |   4.7
            +---------+---------+-------+---------+---------+-------
        D:1 |      22 |       0 |   0.0 |      14 |       0 |   0.0
        D:2 |     107 |       2 |   1.8 |      26 |       1 |   3.7
        D:3 |     143 |       6 |   4.0 |      16 |       3 |  15.8
        D:4 |     273 |       0 |   0.0 |      15 |       0 |   0.0
        D:5 |     313 |       0 |   0.0 |      11 |       0 |   0.0
            +---------+---------+-------+---------+---------+-------
